 Dungeon Crawl Stone Soup version 0.27-a0-1202-ge72e49191c (webtiles) character file.

Game seed: 16300105219089430375

98 hilljack the Shield-Bearer (level 4, -1/40 HPs)
             Began as a Minotaur Fighter on June 4, 2021.
             Slain by an orc
             ... wielding a +0 club
              (4 damage)
             ... on level 4 of the Dungeon.
             The game lasted 00:01:45 (1084 turns).

hilljack the Shield-Bearer (Minotaur Fighter)       Turns: 1084, Time: 00:01:46

Health: -1/40      AC:  7    Str: 20    XL:     4   Next: 43%
Magic:  3/3        EV:  7    Int:  5    God:
Gold:   35         SH:  9    Dex: 11    Spells: 3/3 levels left

rFire    . . .     SeeInvis .   a - +0 long sword
rCold    . . .     Faith    .   c - +0 kite shield
rNeg     . . .     Spirit   .   b - +0 scale mail
rPois    .         Reflect  .   (helmet restricted)
rElec    .         Harm     .   (no cloak)
rCorr    .         Rampage  .   (no gloves)
Will     .....                  (no boots)
Stlth    ..........             (no amulet)
HPRegen  0.13/turn              (no ring)
MPRegen  0.08/turn              (no ring)

@: mighty
A: horns 2, retaliatory headbutt
a: no special abilities


You were on level 4 of the Dungeon.
You visited 1 branch of the dungeon, and saw 3 of its levels.

You collected 35 gold pieces.

Inventory:

Hand Weapons
 a - a +0 long sword (weapon)
Missiles
 h - 23 stones (quivered)
 i - 27 sling bullets
Armour
 b - a +0 scale mail (worn)
 c - a +0 kite shield (worn)
Scrolls
 g - a scroll of summoning {unknown}
Potions
 d - a potion of might
 f - 2 potions of heal wounds {unknown}
 j - a potion of lignification {unknown}


   Skills:
 + Level 4.2 Fighting
 * Level 4.1 Long Blades
 + Level 4.3 Armour
 + Level 4.3 Shields


You had 3 spell levels left.
You didn't know any spells.
Your spell library contained the following spells:

 Spells                   Type           Power      Damage    Failure   Level
 Beastly Appendage        Tmut           0%         N/A       99%         1
 Wereblood                Tmut           0%         N/A       100%        2
 Spider Form              Tmut/Pois      0%         N/A       100%        3
 Ice Form                 Ice/Tmut       0%         N/A       100%        4
 Hydra Form               Tmut           0%         N/A       100%        5


Dungeon Overview and Level Annotations

Branches:
Dungeon (2/15)

Altars:


Innate Abilities, Weirdness & Mutations

You have a pair of horns on your head.
You reflexively headbutt those who attack you in melee.


Message History

The orc priest shouts!
You slash the orc!
You kill the orc!
An orc comes into view. It is wielding a +0 mace.
The orc priest invokes the aid of Beogh against you.
Beogh smites you!
You have reached level 4!
You feel agile.
You feel very mighty all of a sudden.
The orc shouts!
You hear a shout!
The orc priest mumbles some strange prayers to Beogh against you.
Beogh smites you!
An orc comes into view. It is wielding a +0 club.
You block the orc priest's attack.
You hit the orc priest.
The orc priest is heavily wounded.
The orc priest hits you but does no damage.
The orc priest looks encouraged for a moment.
The orc hits you with a +0 mace!
* * * LOW HITPOINT WARNING * * *
An orc comes into view. It is wielding a +0 war axe.
You completely miss the orc priest.
The orc shouts!
You headbutt the orc priest!
You kill the orc priest!
You block the orc's attack.
Your Long Blades skill increases to level 4!
You block the orc's attack.
Found a scroll labelled DIUMEG EMUY.
You are too injured to fight recklessly!
You are too injured to fight recklessly!
You closely miss the orc. The orc hits you with a +0 mace.
* * * LOW HITPOINT WARNING * * *
You barely miss the orc. The orc hits you with a +0 mace.
* * * LOW HITPOINT WARNING * * *
The orc hits you with a +0 mace.
* * * LOW HITPOINT WARNING * * *
It was a potion of magic.
Magic courses through your body. You block the orc's attack.
The orc hits you with a +0 club.
You die...

#. #... ##
#.... ..
...... #
#.######....
.. ......#..
#.. #..o#.#
#..##.@#).#
#....#o..#
..?#..#)...#
# ..##..##.#
#. #..# .#
.. ..#.. .#
. #....#....
#..# . #..#
#... #. #.#


You could see 2 orcs.

Vanquished Creatures
  An orc priest (D:4)
  Jessica (D:1)
  2 adders (D:2)
  A worm (D:2)
  An orc (D:4)
  3 endoplasms
  A giant cockroach (D:1)
  A goblin (D:1)
  2 hobgoblins
  2 jackals (D:1)
  2 quokkas
  A ball python (D:1)
  A bat (D:1)
  A frilled lizard (D:1)
  A kobold (D:1)
  A rat (D:2)
22 creatures vanquished.

Vanquished Creatures (others)
  A plant (D:1)
1 creature vanquished.

Grand Total: 23 creatures vanquished

Notes
Turn   | Place    | Note
-------+----------+-------------------------------------------
     0 | D:1      | hilljack the Minotaur Fighter began the quest for the Orb.
     0 | D:1      | Reached XP level 1. HP: 19/19 MP: 0/0
   138 | D:1      | Reached XP level 2. HP: 24/27 MP: 1/1
   766 | D:2      | Noticed Jessica
   784 | D:1      | Killed Jessica
   785 | D:1      | Reached XP level 3. HP: 6/33 MP: 2/2
  1069 | D:2      | You fall into a shaft and drop 2 floors!
  1075 | D:4      | Reached XP level 4. HP: 30/40 MP: 3/3
  1084 | D:4      | Slain by an orc

Illustrated notes

Levels and vault maps discovered:
D:1:      psy_arrival_conway, layout_rooms, serial_forest,
          infiniplex_forest_clump_curved, infiniplex_forest_end_3,
          infiniplex_forest_straight_4, infiniplex_forest_end_3,
          infiniplex_forest_zigzag_1, infiniplex_forest_lined_1
D:2:      layout_rooms, minmay_pentomino_r2, uniq_jessica, uniq_terence
D:4:      layout_loops_ring, minmay_temple_entry_junction_2,
          hangedman_decor_diamond_cutter, minmay_misc_feat_rows,
          chequers_serial_rivers_micro_b, minivault_26, hangedman_decor_push,
          nrook_loot_triangle, uniq_blork_the_orc

Skill      XL: |  1  2  3  4 |
---------------+-------------+-----
Long Blades    | 3 4 |  4.1
Fighting       | 4 |  4.2
Armour         | 4 |  4.3
Shields        | 4 |  4.3

Action                   |  1- 3 |  4- 6 || total
-------------------------+-------+-------++-------
Melee: Long sword        |    44 |     4 ||    48
       Headbutt          |     5 |     1 ||     6
  Use: Potion            |       |     2 ||     2
Armor: Scale mail        |    33 |     1 ||    34
Dodge: Dodged            |    22 |       ||    22
Block: Kite shield       |    27 |     4 ||    31
       Rpst.: Long sword |     7 |       ||     7

Table legend: (Time is in decaauts)
 A = Elapsed time spent in this place.
 B = Non-inter-level travel time spent in this place.
 C = Inter-level travel time spent in this place.
 D = Time resting spent in this place.
 E = Time spent auto-exploring this place.
 F = Levels seen in this place.
 G = Mean time per level.
                   A        B        C        D        E       F      G
               +--------+--------+--------+--------+--------+-----+--------+
         Total |   1111 |   1005 |    106 |    235 |    630 |   3 |  370.3 |
       Dungeon |   1111 |   1005 |    106 |    235 |    630 |   3 |  370.3 |
               +--------+--------+--------+--------+--------+-----+--------+

Top non-repeatable levels by time:
     D:1: 1026 daAuts
     D:2: 67 daAuts
     D:4: 17 daAuts
